 Dungeon Crawl Stone Soup version 0.31-a0-237-g2d982f9f85 (webtiles) character file.

Game seed: 2790364177180509002

163340 qw the Crack Shot (level 17, -22/163 HPs)
             Began as a Minotaur Hexslinger on July 10, 2023.
             Was an Elder of Okawaru.
             Killed by the raging water
             ... invoked by a water nymph
              (25 damage)
             ... on level 3 of the Shoals.
             The game lasted 00:12:56 (23455 turns).

qw the Crack Shot (Minotaur Hexslinger)            Turns: 23455, Time: 00:12:56

Health: -22/163    AC: 17    Str: 14    XL:     17   Next: 23%
Magic:  0/28       EV: 34    Int: 13    God:    Okawaru [****..]
Gold:   376        SH:  0    Dex: 28    Spells: 17/18 levels left

rFire   + . .        v - +4 triple crossbow "Maahaol" {flame, rF+}
rCold   + + .        (shield currently unavailable)
rNeg    . . .        j - +4 moon troll leather armour {Spirit, Regen++ MP+5}
rPois   .            f - +2 hat
rElec   +            q - scarf {repulsion}
rCorr   .            a - +2 pair of gloves of the Barracuda {Stlth+}
SInv    +            r - +0 pair of boots of Buroly {Int+3 Dex+2}
Will    +....        s - amulet of faith
Stlth   ++           x - ring "Lam Pass" {rElec rC+ Slay+4}
HPRegen 2.07/turn    n - +6 ring of dexterity
MPRegen 0.21/turn

%: repel missiles, guardian spirit, faith
@: about to teleport, heroic, mesmerised, very slow
A: horns 2, retaliatory headbutt, see invisible, cold resistance 1
a: Renounce Religion, Heroism, Finesse


You were on level 3 of the Shoals.
You worshipped Okawaru.
Okawaru was greatly pleased with you.
You visited 5 branches of the dungeon, and saw 28 of its levels.
You also visited: Ossuary.

You collected 2598 gold pieces.
You spent 2222 gold pieces at shops.


Innate Abilities, Weirdness & Mutations

You have a pair of horns on your head.
You reflexively headbutt those who attack you in melee.
You have supernaturally acute eyesight. (SInv)
Your flesh is cold resistant. (rC+)


   Skills:
 - Level 18.0(23.0) Fighting
 - Level 22.0(27) Ranged Weapons
 - Level 8.0(13.0) Armour
 + Level 16.7(21.7) Dodging
 - Level 1.0 Spellcasting
 - Level 2.0 Hexes
 - Level 10.0 Invocations


You had 17 spell levels left.
You knew the following spells:

 Your Spells              Type           Power      Damage    Failure   Level
a - Slow                  Hex            20%        N/A       14%         1

Your spell library contained the following spells:

 Spells                   Type           Power      Damage    Failure   Level
 Inner Flame              Hex/Fire       3%         N/A       54%         3
 Portal Projectile        Hex/Tloc       6%         N/A       54%         3
 Cause Fear               Hex            2%         N/A       80%         4

Inventory:

Hand Weapons
 v - the +4 triple crossbow "Maahaol" (weapon) {flame, rF+}
   (Okawaru gifted it to you on level 5 of the Lair of Beasts)

   rF:        It protects you from fire.
 E - the +1 longbow "Orchuepn" {freeze, Fly rF+ rC+ rCorr}
   (Okawaru gifted it to you on level 2 of the Snake Pit)

   rF:        It protects you from fire.
   rC:        It protects you from cold.
   Fly:       It grants you flight.
   rCorr:     It protects you from acid and corrosion.
Armour
 a - the +2 pair of gloves of the Barracuda (worn) {Stlth+}
   (You acquired it on level 1 of the Dungeon)

   Stlth:     It makes you more stealthy.
 f - a +2 hat (worn)
 j - the +4 moon troll leather armour (worn) {Spirit, Regen++ MP+5}
   (You found it on level 4 of the Dungeon)

   MP:        It affects your magic capacity (+5).
   Regen:     It increases your rate of health regeneration.
 k - a +0 cloak
 q - a scarf of repulsion (worn)
 r - the +0 pair of boots of Buroly (worn) {Int+3 Dex+2}
   (Okawaru gifted it to you on level 5 of the Lair of Beasts)

   Int:       It affects your intelligence (+3).
   Dex:       It affects your dexterity (+2).
Jewellery
 n - a +6 ring of dexterity (right hand)
 s - an amulet of faith (around neck)
 t - the ring of Enuaq {Drain rPois Str+5 SInv}
   (You found it on level 12 of the Dungeon)

   [ring of poison resistance]

   Str:       It affects your strength (+5).
   rPois:     It protects you from poison.
   SInv:      It lets you see invisible.
   Drain:     It drains your maximum health when unequipped.
 w - the amulet of Entrepreneurial Spirit {rC+ Regen+ Int+4}
   (You took it off a skeletal warrior on level 11 of the Dungeon)

   [amulet of regeneration]

   Int:       It affects your intelligence (+4).
   rC:        It protects you from cold.
   Regen:     It increases your rate of health regeneration.
 x - the ring "Lam Pass" (left hand) {rElec rC+ Slay+4}
   (You took it off a tengu warrior on level 11 of the Dungeon)

   [ring of slaying]

   Slay:      It affects your accuracy & damage with ranged weapons and melee
   (+4).
   rC:        It protects you from cold.
   rElec:     It insulates you from electricity.
 y - a +5 ring of evasion
 A - the amulet of the Skies Above {Reflect Drain rPois rCorr SH+5}
   (You bought it in a shop on level 1 of the Orcish Mines)

   [amulet of reflection]

   It reflects blocked missile attacks.
   rPois:     It protects you from poison.
   rCorr:     It protects you from acid and corrosion.
   Drain:     It drains your maximum health when unequipped.
   SH:        It affects your SH (+5).
 C - a ring of protection from fire
Wands
 u - a wand of digging (25)
Scrolls
 c - 11 scrolls of enchant armour
 i - 12 scrolls of identify
 p - 2 scrolls of teleportation
 z - 3 scrolls of enchant weapon
 B - a scroll of brand weapon
Potions
 b - 23 potions of curing
 d - 3 potions of mutation
 e - 3 potions of enlightenment
 h - 2 potions of haste
 l - 2 potions of might
 m - a potion of resistance
 o - 4 potions of magic
 D - a potion of cancellation

Dungeon Overview and Level Annotations

Branches:
Dungeon (15/15)            Temple (0/1) D:6            Lair (5/5) D:10
 Shoals (3/4) Lair:3        Snake (3/4) Lair:2        Slime (0/5) Lair:4
    Orc (2/2) D:10            Elf (0/3) Orc:2        Vaults (0/5) D:13
 Depths (0/4) D:15        Ossuary (visited)

Altars:
Dithmenos
Fedhas
Gozag
Hepliaklqana
Makhleb
Okawaru
Qazlal
Sif Muna
Vehumet
Wu Jian
Xom
Yredelemnul
Zin
The Shining One
Jiyva

Shops:
D:4 [=(:*   D:9 ?   D:12 (   D:14 *   D:15 [   Orc:1 =   Orc:2 ([:[*
Snake:1 *[   Snake:3 [:!!

Portals:
Hell: Lair:5

Annotations:
D:1 exclusion: 5 gnolls
D:5 4 runed translucent doors
D:14 2 runed translucent doors
D:15 3 runed translucent doors, Yamstis's ghost, adept GnMo
Lair:1 2 transporters, qw's ghost, journeyman DEHu
Lair:2 1 runed translucent door
Shoals:3 Ilsuiw
Snake:1 3 runed translucent doors, Xitaol's ghost, adept SpEn; qw's ghost, adept GrFi
Orc:2 1 runed translucent door


Message History

The merfolk completely misses you.
The merfolk siren chants its luring song.
The snapping turtle bites you from afar.
The merfolk misses you. You furiously retaliate!
You headbutt the merfolk! The merfolk completely misses you.
The water nymph completely misses you. You furiously retaliate!
You headbutt the water nymph!
The merfolk siren chants its luring song.
Ilsuiw gestures wildly while chanting.
Ilsuiw flickers and vanishes for a moment.
The water elemental completely misses you.
Enter note:
Enter note: You shoot a bolt.
The bolt completely misses the merfolk.
The bolt misses the merfolk.
The pull of its song draws you forwards.
The merfolk siren chants its luring song.
The merfolk avatar chants its luring song.
A dream sheep comes into view.
The snapping turtle misses you. The merfolk misses you.
The water nymph gestures at you while chanting.
The water swirls and strikes you! The water nymph completely misses you.
The merfolk siren chants its luring song. x2
Enter note:
Enter note: You shoot a bolt.
The dream sheep bleats!
The bolt hits the water elemental!!
The bolt burns the water elemental!
You destroy the water elemental!
The water elemental disappears in a puff of smoke!
A nearby plant withers and dies.
The merfolk siren chants its luring song.
The merfolk avatar chants its luring song.
The merfolk closely misses you.
The water elemental completely misses you.
The merfolk completely misses you. x2
Ilsuiw mumbles some strange words.
The snapping turtle barely misses you. The water nymph casts a spell at you.
The water swirls and strikes you!!
You die...

~~~~###..~~~~~~
.<~~PYP~~~~~~~~~~~~
.~~~P~~~~~~~~~~~~~~
.~~~PP~C~P~~~~~~~~~
.~~P~PPP~~P~~~~~~~~
~~~~~PPP~~~~~~~~~~~
~~~~~~~~~t~~~~~~~~~
~~~~~~~~mt¤Y~~~~~~~
~~~~mm~~)mE@P~~~~~~
~~~~~mm~)mmP~~~m~~~~
~~~~~~~~~m~~~~~~~~~~
~~~~~~~)%~~~~~~~~~~~
~~~~~~~~~~~>~~~~~~~~
~~~~m~E~~~~~~~~~~~~~
~~~~~~$~~~~~~~~~~~~~
~~~~E~~.....~~~~~~~~
~~~~~~~~##)~~...~~~~


You could see Ilsuiw (invisible), 2 merfolk avatars, 2 snapping turtles, 3
merfolk, a cyclops, 3 water elementals, 3 merfolk sirens, 2 water nymphs and 2
dream sheep.

Vanquished Creatures
  Jorgrun (D:12)
  Polyphemus (Shoals:2)
  Gastronok (D:8)
  Kirke (Shoals:2)
  An orc warlord (Orc:2)
  2 very ugly things (D:15)
  Nessos (Lair:4)
  Snorg (D:13)
  4 merfolk impalers
  Harold (D:9)
  8 vault guards (D:13)
  10 hydras
  An ogre mage (D:15)
  2 catoblepae
  An alligator snapping turtle (Shoals:2)
  A merfolk avatar (Shoals:3)
  2 anacondas
  4 boulder beetles
  11 naga warriors
  6 centaur warriors
  A satyr (Shoals:2)
  3 two-headed ogres
  4 tengu warriors
  2 death yaks (Shoals:2)
  Urug (D:13)
  A shock serpent (shapeshifter) (D:15)
  Sonja (D:13)
  8 shock serpents
  4 orc high priests
  Nergalle (D:12)
  6 naga sharpshooters
  5 skysharks
  A salamander mystic (Snake:3)
  5 sea snakes
  Lodul (D:13)
  8 skeletal warriors
  A sixfirhy (Lair:5)
  A naga ritualist (Snake:3)
  Pikel (D:6)
  A glowing orange brain (D:15)
  5 orc knights
  A wizard (Lair:5)
  2 wolf spider zombies (D:15)
  4 deep elf pyromancers
  6 harpies
  5 orc sorcerers
  A mana viper (shapeshifter) (D:15)
  5 salamanders
  14 ugly things
  8 fauns (Shoals:2)
  8 cyclopes
  8 manticores
  3 mana vipers
  14 elephants
  2 water nymphs
  A merfolk siren (Shoals:2)
  2 guardian serpents
  17 black mambas
  A torpor snail (Lair:5)
  2 orange demons (Lair:5)
  2 gargoyles (D:11)
  11 naga magi
  Joseph (D:6)
  Maggie (D:7)
  Psyche (D:8)
  13 cane toads
  An unseen horror (D:10)
  A freezing wraith (D:15)
  4 kobold demonologists
  4 rime drakes (Lair:5)
  An ice devil (Lair:5)
  9 komodo dragons
  A tengu conjurer (D:15)
  7 merfolk
  2 red devils (Lair:5)
  5 wind drakes
  A hellwing (Lair:5)
  3 polar bears
  A hornet (D:9)
  4 trolls
  6 dream sheep
  9 blink frogs
  8 snapping turtles
  A shadow (D:12)
  9 slime creatures
  5 wraiths
  3 wyverns
  A vampire (D:10)
  Eustachio (D:6)
  3 fire bats (Lair:2)
  38 yaks
  8 basilisks
  5 hogs (Shoals:2)
  3 steam dragons
  A human (Shoals:2)
  8 vampire mosquitoes
  5 wargs
  30 nagas
  An acid dragon (D:12)
  Duvessa (D:7)
  4 hell hounds (Lair:5)
  15 water moccasins
  3 ice beasts
  2 black bears
  38 orc warriors
  17 ogres
  24 wolves
  17 centaurs
  4 lemures (D:6)
  15 bullfrogs
  4 kobold brigands
  Blork the orc (D:6)
  An elf zombie (Ossuary)
  4 gnoll sergeants
  2 scorpions
  Dowan (D:7)
  5 wights (D:9)
  4 killer bees
  6 howler monkeys
  2 centaur zombies (Ossuary)
  An electric eel (Lair:2)
  3 lava snakes (Lair:2)
  4 hounds
  9 jellies
  13 orc priests
  3 sleepcaps
  A gnoll bouda (Orc:2)
  2 iguanas (D:5)
  10 orc wizards
  2 mummies (Ossuary)
  28 gnolls
  7 adders
  3 shadow imps (D:6)
  A white imp (D:7)
  An ufetubus (D:5)
  An adder zombie (Ossuary)
  2 worms
  2 dart slugs
  62 orcs
  12 endoplasms
  5 giant cockroaches
  11 goblins
  5 hobgoblins
  6 jackals
  4 quokkas
  6 ball pythons
  7 bats
  4 frilled lizards
  2 goblin zombies (Ossuary)
  4 hobgoblin zombies (Ossuary)
  2 jackal zombies (Ossuary)
  22 kobolds
  12 kobold zombies (Ossuary)
  10 orc zombies (Ossuary)
  2 rats
  3 rat zombies (Ossuary)
885 creatures vanquished.

Vanquished Creatures (others)
  A merfolk (Shoals:3)
1 creature vanquished.

Grand Total: 886 creatures vanquished

Notes
Turn   | Place    | Note
-------+----------+-------------------------------------------
     0 | D:1      | qw the Minotaur Hexslinger began the quest for the Orb.
     0 | D:1      | Reached XP level 1. HP: 16/16 MP: 1/1
     0 | D:1      | 0 ||| qw: Version: 0.3-a-52-g30416fa
     0 | D:1      | 0 ||| qw: Game counter: 5027
     0 | D:1      | 0 ||| qw: Melee chars always use a shield: true
     0 | D:1      | 0 ||| qw: God list: Okawaru
     0 | D:1      | 0 ||| qw: Allow faded altars: false
     0 | D:1      | 0 ||| qw: Do Orc after clearing Dungeon:15 true
     0 | D:1      | 0 ||| qw: Do second Lair branch before Depths: true
     0 | D:1      | 0 ||| qw: Lair rune preference: random
     0 | D:1      | 0 ||| qw: Goals: Normal
     0 | D:1      | 0 ||| PLANNING D:1-11
    47 | D:1      | HP: 4/16 [gnoll/+0 spear (7)]
    48 | D:1      | 48 ||| DROPPING scroll of poison.
    55 | D:1      | HP: 2/16 [gnoll/+0 spear (1)]
    57 | D:1      | Reached skill level 3 in Ranged Weapons
    57 | D:1      | Reached XP level 2. HP: 4/23 MP: 2/2
   429 | D:1      | Reached XP level 3. HP: 29/29 MP: 3/3
   482 | D:1      | Found a faded altar of an unknown god.
   778 | D:1      | 778 ||| UPGRADING to +0 ring mail.
   788 | D:1      | 788 ||| DROPPING +0 robe.
   789 | D:1      | 789 ||| UPGRADING to ring of protection from cold.
   790 | D:1      | 790 ||| DRINKING 2 fuming emerald potions.
   791 | D:1      | 791 ||| DROPPING potion of attraction.
  1016 | D:2      | Reached skill level 4 in Ranged Weapons
  1134 | D:2      | Reached skill level 1 in Armour
  1332 | D:2      | 1332 ||| Stepping ~*~*~tactically~*~*~ (outnumbered).
  1338 | D:2      | Reached XP level 4. HP: 28/36 MP: 4/4
  1338 | D:2      | 1338 ||| Stepping ~*~*~tactically~*~*~ (outnumbered).
  1350 | D:2      | 1350 ||| FLEEEEING.
  1351 | D:2      | 1351 ||| FLEEEEING.
  1352 | D:2      | 1352 ||| FLEEEEING.
  1353 | D:2      | 1353 ||| FLEEEEING.
  1354 | D:2      | 1354 ||| FLEEEEING.
  1355 | D:2      | 1355 ||| FLEEEEING.
  1356 | D:2      | 1356 ||| FLEEEEING.
  1357 | D:2      | 1357 ||| FLEEEEING.
  1358 | D:2      | 1358 ||| FLEEEEING.
  1359 | D:2      | 1359 ||| FLEEEEING.
  1360 | D:2      | 1360 ||| FLEEEEING.
  1361 | D:2      | 1361 ||| FLEEEEING.
  1362 | D:2      | 1362 ||| FLEEEEING.
  1363 | D:2      | 1363 ||| FLEEEEING.
  1364 | D:2      | 1364 ||| FLEEEEING.
  1365 | D:2      | 1365 ||| FLEEEEING.
  1366 | D:2      | 1366 ||| FLEEEEING.
  1367 | D:2      | 1367 ||| FLEEEEING.
  1368 | D:2      | 1368 ||| FLEEEEING.
  1369 | D:2      | 1369 ||| FLEEEEING.
  1370 | D:2      | 1370 ||| FLEEEEING.
  1371 | D:2      | 1371 ||| FLEEEEING.
  1372 | D:2      | 1372 ||| FLEEEEING.
  1373 | D:2      | 1373 ||| FLEEEEING.
  1374 | D:2      | 1374 ||| FLEEEEING.
  1375 | D:2      | 1375 ||| FLEEEEING.
  1376 | D:2      | 1376 ||| FLEEEEING.
  1377 | D:2      | 1377 ||| FLEEEEING.
  1378 | D:2      | 1378 ||| FLEEEEING.
  1379 | D:2      | 1379 ||| FLEEEEING.
  1380 | D:2      | 1380 ||| FLEEEEING.
  1381 | D:2      | 1381 ||| FLEEEEING.
  1382 | D:2      | 1382 ||| FLEEEEING.
  1383 | D:2      | 1383 ||| FLEEEEING.
  1384 | D:2      | 1384 ||| FLEEEEING.
  1385 | D:2      | 1385 ||| FLEEEEING.
  1387 | D:2      | 1387 ||| STAIRDANCE
  1439 | D:1      | 1439 ||| READING scroll labelled VEOLIKKOGY.
  1440 | D:1      | 1440 ||| READING scroll labelled ARCHIM CEOBRAQ.
  1440 | D:1      | Identified a scroll of acquirement
  1440 | D:1      | 1440 ||| ACQUIRING +2 pair of gloves of the Barracuda
                  | {Stlth+}
  1440 | D:1      | Acquired the +2 pair of gloves of the Barracuda {Stlth+}
  1442 | D:1      | 1442 ||| UPGRADING to +2 pair of gloves of the Barracuda
                  | {Stlth+}.
  1447 | D:1      | 1447 ||| READING scroll labelled ACLOED QARGHEK.
  1512 | D:1      | 1512 ||| DRINKING 2 viscous blue potions.
  1642 | D:2      | Reached skill level 5 in Ranged Weapons
  1837 | D:2      | 1837 ||| READING scroll labelled BABYZI PYIHOIT.
  1838 | D:2      | 1838 ||| READING 2 scrolls labelled YXUDGH NUIBOBI.
  1839 | D:2      | 1839 ||| READING 2 scrolls labelled FARABE KEYTIU.
  1840 | D:2      | 1840 ||| READING scroll labelled QOEGAE LEGUI.
  1841 | D:2      | 1841 ||| DROPPING scroll of immolation.
  1911 | D:3      | 1911 ||| SWAPPING to +1 heavy sling.
  1912 | D:3      | 1912 ||| DROPPING +1 sling.
  2002 | D:3      | Reached XP level 5. HP: 42/42 MP: 5/5
  2026 | D:3      | Reached skill level 3 in Fighting
  2064 | D:3      | Found a shimmering altar of Xom.
  2065 | D:3      | Found a shadowy altar of Dithmenos.
  2071 | D:3      | Found an iron altar of Okawaru.
  2072 | D:3      | 2072 ||| PLANNING OKAWARU WORSHIP
  2072 | D:3      | 2072 ||| READING scroll labelled EREKUBRE OMUGH.
  2118 | D:3      | Became a worshipper of Warmaster Okawaru
  2119 | D:3      | 2119 ||| PLANNING D:1-11
  2206 | D:3      | Reached skill level 6 in Ranged Weapons
  2258 | D:3      | Found a radiant altar of Vehumet.
  2331 | D:4      | 2331 ||| PLANNING OSSUARY
  2334 | D:4      | Reached XP level 6. HP: 51/51 MP: 6/6
  2448 | D:4      | Found the +4 moon troll leather armour {Spirit, Regen++
                  | MP+5}
  2495 | D:4      | Found Dynixadi's Jewellery Shop.
  2507 | D:4      | 2507 ||| SHOPLISTING +5 ring of evasion (396 gold, have
                  | 178).
  2507 | D:4      | 2507 ||| SHOPLISTING amulet of regeneration (330 gold, have
                  | 178).
  2507 | D:4      | 2507 ||| SHOPLISTING ring of fire (275 gold, have 178).
  2538 | D:4      | Reached * piety under Okawaru
  2663 | D:4      | Found Acesoytu's General Store.
  2668 | D:4      | 2668 ||| BUYING 2 scrolls of identify (40 gold).
  2668 | D:4      | Bought 2 scrolls of identify for 40 gold pieces
  2668 | D:4      | 2668 ||| BUYING potion of might (40 gold).
  2668 | D:4      | Bought a potion of might for 40 gold pieces
  2668 | D:4      | 2668 ||| BUYING scroll of identify (20 gold).
  2668 | D:4      | Bought a scroll of identify for 20 gold pieces
  2702 | D:4      | Found Hosabum's Book Shop.
  2765 | D:4      | Found a sand-covered staircase.
  2766 | D:4      | 2766 ||| UPGRADING to +4 moon troll leather armour {Spirit,
                  | Regen++ MP+5}.
  2818 | D:4      | 2818 ||| DROPPING +0 ring mail.
  2819 | D:4      | 2819 ||| READING scroll labelled QUETEL KALEU.
  2820 | D:4      | 2820 ||| DRINKING 2 fuming green potions.
  2821 | D:4      | 2821 ||| READING 4 scrolls of identify.
  2821 | D:4      | 2821 ||| IDENTIFYING golden potion
  2822 | D:4      | 2822 ||| READING 3 scrolls of identify.
  2822 | D:4      | 2822 ||| IDENTIFYING ruby potion
  2823 | D:4      | 2823 ||| READING 2 scrolls of identify.
  2823 | D:4      | 2823 ||| IDENTIFYING black potion
  2824 | D:4      | 2824 ||| DROPPING potion of lignification.
  2825 | D:4      | 2825 ||| DROPPING potion of invisibility.
  2831 | Ossuary  | Entered an ossuary
  2918 | Ossuary  | Reached skill level 1 in Invocations
  3056 | Ossuary  | 3056 ||| DRINKING 2 murky purple potions.
  3057 | Ossuary  | 3057 ||| DROPPING potion of brilliance.
  3072 | D:4      | 3072 ||| PLANNING D:1-11
  3137 | D:4      | Found Onykk's Antique Armour Boutique.
  3140 | D:4      | 3140 ||| SHOPLISTING translucent cloak (256 gold, have 84).
  3160 | D:4      | Found Xidyxuog's Weapon Shop.
  3228 | D:5      | Entered Level 5 of the Dungeon
  3244 | D:5      | Reached XP level 7. HP: 59/59 MP: 7/7
  3263 | D:5      | Reached skill level 7 in Ranged Weapons
  3282 | D:5      | 3282 ||| Stepping ~*~*~tactically~*~*~ (outnumbered).
  3285 | D:5      | 3285 ||| Stepping ~*~*~tactically~*~*~ (outnumbered).
  3306 | D:5      | 3306 ||| FLEEEEING.
  3307 | D:5      | 3307 ||| FLEEEEING.
  3308 | D:5      | 3308 ||| FLEEEEING.
  3309 | D:5      | 3309 ||| FLEEEEING.
  3310 | D:5      | 3310 ||| FLEEEEING.
  3311 | D:5      | 3311 ||| FLEEEEING.
  3312 | D:5      | 3312 ||| FLEEEEING.
  3313 | D:5      | 3313 ||| FLEEEEING.
  3314 | D:5      | 3314 ||| FLEEEEING.
  3315 | D:5      | 3315 ||| FLEEEEING.
  3316 | D:5      | 3316 ||| FLEEEEING.
  3317 | D:5      | 3317 ||| FLEEEEING.
  3319 | D:5      | 3319 ||| FLEEEEING.
  3430 | D:5      | Reached skill level 3 in Invocations
  3433 | D:5      | Identified the +0 plate armour of Osefa {+Inv rN+ Slay+5}
  3467 | D:5      | Found a large runed translucent door.
  3469 | D:5      | Found a large runed translucent door.
  3475 | D:5      | Noticed a two-headed ogre
  3667 | D:5      | Found a large runed translucent door.
  3667 | D:5      | Found a large runed translucent door.
  3671 | D:5      | 3671 ||| INVOKING Heroism.
  3697 | D:5      | 3697 ||| FLEEEEING.
  3698 | D:5      | 3698 ||| FLEEEEING.
  3704 | D:5      | 3704 ||| INVOKING Heroism.
  3707 | D:5      | Reached skill level 8 in Ranged Weapons
  3745 | D:5      | Reached ** piety under Okawaru
  3792 | D:5      | Reached XP level 8. HP: 68/68 MP: 10/10
  3796 | D:5      | 3796 ||| INVOKING Heroism.
  3810 | D:5      | Reached skill level 3 in Dodging
  4006 | D:5      | 4006 ||| UPGRADING to +6 ring of dexterity.
  4007 | D:5      | 4007 ||| READING scroll labelled ULLEPN ZIATI.
  4108 | D:5      | 4108 ||| READING scroll labelled BAKYEM LUAPNU.
  4109 | D:5      | 4109 ||| READING 2 scrolls of identify.
  4109 | D:5      | 4109 ||| IDENTIFYING emerald potion
  4184 | D:6      | 4184 ||| INVOKING Heroism.
  4243 | D:6      | Found a staircase to the Ecumenical Temple.
  4250 | D:6      | 4250 ||| INVOKING Heroism.
  4319 | D:6      | 4319 ||| INVOKING Heroism.
  4396 | D:6      | 4396 ||| Stepping ~*~*~tactically~*~*~ (outnumbered).
  4398 | D:6      | 4398 ||| Stepping ~*~*~tactically~*~*~ (outnumbered).
  4536 | D:6      | 4536 ||| INVOKING Heroism.
  4538 | D:6      | 4538 ||| Stepping ~*~*~tactically~*~*~ (outnumbered).
  4545 | D:6      | Reached skill level 9 in Ranged Weapons
  4585 | D:6      | 4585 ||| READING 3 scrolls of identify.
  4585 | D:6      | 4585 ||| IDENTIFYING cyan potion
  4585 | D:6      | Noticed Pikel
  4637 | D:6      | 4637 ||| INVOKING Heroism.
  4650 | D:6      | Killed Pikel
  4718 | D:6      | Reached XP level 9. HP: 81/81 MP: 11/11
  4736 | D:6      | Found a burning altar of Makhleb.
  4881 | D:6      | Noticed Eustachio
  4882 | D:6      | 4882 ||| INVOKING Heroism.
  4885 | D:6      | 4885 ||| Stepping ~*~*~tactically~*~*~ (outnumbered).
  4892 | D:6      | Noticed Blork the orc
  4900 | D:6      | 4900 ||| INVOKING Heroism.
  4901 | D:6      | Killed Eustachio
  4903 | D:6      | Killed Blork the orc
  4904 | D:6      | Reached skill level 10 in Ranged Weapons
  4923 | D:6      | 4923 ||| INVOKING Heroism.
  4944 | D:6      | 4944 ||| INVOKING Heroism.
  5225 | D:6      | 5225 ||| READING scroll labelled RAITZU YFOAJUI.
  5229 | D:6      | 5229 ||| DRINKING 2 silvery potions.
  5236 | D:7      | Noticed Joseph
  5242 | D:7      | 5242 ||| STAIRDANCE
  5278 | D:7      | 5278 ||| STAIRDANCE
  5308 | D:7      | 5308 ||| STAIRDANCE
  5326 | D:7      | 5326 ||| STAIRDANCE
  5348 | D:7      | 5348 ||| STAIRDANCE
  5371 | D:7      | 5371 ||| STAIRDANCE
  5387 | D:7      | 5387 ||| STAIRDANCE
  5402 | D:7      | 5402 ||| STAIRDANCE
  5424 | D:7      | 5424 ||| STAIRDANCE
  5447 | D:7      | 5447 ||| STAIRDANCE
  5470 | D:7      | 5470 ||| STAIRDANCE
  5499 | D:7      | 5499 ||| STAIRDANCE
  5509 | D:7      | 5509 ||| STAIRDANCE
  5511 | D:6      | Killed Joseph
  5562 | D:7      | 5562 ||| INVOKING Heroism.
  5587 | D:7      | Noticed Duvessa
  5587 | D:7      | Noticed Dowan
  5588 | D:7      | 5588 ||| INVOKING Heroism.
  5596 | D:7      | Killed Duvessa
  5597 | D:7      | Reached skill level 11 in Ranged Weapons
  5597 | D:7      | Noticed Maggie
  5602 | D:7      | 5602 ||| Stepping ~*~*~tactically~*~*~ (outnumbered).
  5605 | D:7      | Killed Dowan
  5608 | D:7      | Killed Maggie
  5608 | D:7      | Reached *** piety under Okawaru
  5609 | D:7      | Reached skill level 6 in Dodging
  5928 | D:7      | 5928 ||| READING scroll labelled MUDUAT QORPHO.
  5954 | D:8      | 5954 ||| INVOKING Heroism.
  6032 | D:8      | Reached XP level 10. HP: 88/88 MP: 12/12
  6035 | D:8      | 6035 ||| INVOKING Heroism.
  6199 | D:8      | Noticed Psyche
  6200 | D:8      | 6200 ||| INVOKING Heroism.
  6202 | D:8      | 6202 ||| Stepping ~*~*~tactically~*~*~ (outnumbered).
  6215 | D:8      | 6215 ||| INVOKING Heroism.
  6221 | D:8      | Killed Psyche
  6222 | D:8      | Reached skill level 12 in Ranged Weapons
  6334 | D:8      | 6334 ||| INVOKING Heroism.
  6336 | D:8      | 6336 ||| Stepping ~*~*~tactically~*~*~ (outnumbered).
  6354 | D:8      | Noticed Gastronok
  6357 | D:8      | 6357 ||| INVOKING Heroism.
  6372 | D:8      | Killed Gastronok
  6372 | D:8      | Reached **** piety under Okawaru
  6373 | D:8      | Reached skill level 13 in Ranged Weapons
  6384 | D:8      | 6384 ||| SWAPPING to +0 arbalest.
  6385 | D:8      | 6385 ||| DROPPING +1 heavy sling.
  6394 | D:8      | 6394 ||| READING scroll of enchant weapon.
  6394 | D:8      | 6394 ||| ENCHANTING +0 arbalest.
  6584 | D:8      | Found a shimmering blue altar of Sif Muna.
  6587 | D:8      | Found an ornate altar of the Wu Jian Council.
  6589 | D:8      | Found a blossoming altar of Fedhas.
  6589 | D:8      | Found an opulent altar of Gozag.
  6590 | D:8      | Found a glowing silver altar of Zin.
  6724 | D:8      | 6724 ||| UPGRADING to +2 hat.
  6729 | D:8      | 6729 ||| UPGRADING to +0 cloak.
  6734 | D:8      | 6734 ||| UPGRADING to scarf of repulsion.
  6744 | D:8      | 6744 ||| DROPPING amulet of magic regeneration.
  6745 | D:8      | 6745 ||| UPGRADING to +5 ring of evasion.
  6747 | D:8      | 6747 ||| DROPPING ring of protection from cold.
  6748 | D:8      | 6748 ||| READING 3 scrolls of identify.
  6748 | D:8      | 6748 ||| IDENTIFYING metallic amethyst potion
  6749 | D:8      | 6749 ||| DROPPING potion of berserk rage.
  6816 | D:9      | Noticed Harold
  6819 | D:9      | 6819 ||| INVOKING Heroism.
  6828 | D:9      | Killed Harold
  6829 | D:9      | Reached skill level 9 in Fighting
  6843 | D:9      | 6843 ||| FLEEEEING.
  6844 | D:9      | 6844 ||| FLEEEEING.
  6845 | D:9      | 6845 ||| FLEEEEING.
  6846 | D:9      | 6846 ||| FLEEEEING.
  6847 | D:9      | 6847 ||| FLEEEEING.
  6848 | D:9      | 6848 ||| FLEEEEING.
  6849 | D:9      | 6849 ||| FLEEEEING.
  6850 | D:9      | 6850 ||| FLEEEEING.
  6851 | D:9      | 6851 ||| STAIRDANCE
  7061 | D:9      | Reached skill level 3 in Armour
  7082 | D:9      | Found a flagged portal.
  7380 | D:9      | Paralysed by a hornet for 3 turns
  7382 | D:9      | 7382 ||| INVOKING Heroism.
  7464 | D:9      | Found Jisi's Magic Scroll Shoppe.
  7464 | D:9      | Found the +1 Delatra's gloves {ID++}
  7476 | D:9      | 7476 ||| BUYING scroll of identify (32 gold).
  7476 | D:9      | Bought a scroll of identify for 32 gold pieces
  7476 | D:9      | 7476 ||| BUYING scroll of identify (32 gold).
  7476 | D:9      | Bought a scroll of identify for 32 gold pieces
  7591 | D:9      | 7591 ||| READING scroll labelled ASECOXT BISIT.
  7592 | D:9      | 7592 ||| DRINKING 2 fuming cyan potions.
  7592 | D:9      | Gained mutation: Your body sometimes deteriorates upon
                  | taking damage. [potion of mutation]
  7592 | D:9      | Gained mutation: You are frail. (-10% HP) [potion of
                  | mutation]
  7593 | D:9      | 7593 ||| DRINKING potion of mutation.
  7593 | D:9      | Lost mutation: Your body sometimes deteriorates upon taking
                  | damage. [potion of mutation]
  7593 | D:9      | Lost mutation: You are frail. (-10% HP) [potion of
                  | mutation]
  7593 | D:9      | Gained mutation: Potions are less effective at restoring
                  | your health. [potion of mutation]
  7593 | D:9      | Gained mutation: You have an increased reservoir of magic.
                  | (+10% MP) [potion of mutation]
  7635 | D:10     | Entered Level 10 of the Dungeon
  7645 | D:10     | Found a staircase to the Lair.
  7659 | D:10     | Reached skill level 6 in Invocations
  7661 | D:10     | Reached XP level 11. HP: 81/97 MP: 14/16
  7670 | D:10     | 7670 ||| FLEEEEING.
  7671 | D:10     | 7671 ||| FLEEEEING.
  7672 | D:10     | 7672 ||| STAIRDANCE
  7970 | D:10     | Noticed a sun demon
  7970 | D:10     | 7970 ||| INVOKING Heroism.
  7972 | D:10     | Noticed a soul eater
  7975 | D:10     | Noticed a sixfirhy
  8249 | D:10     | Found a glowing golden altar of the Shining One.
  8333 | D:10     | Found a staircase to the Orcish Mines.
  8346 | D:10     | 8346 ||| INVOKING Heroism.
  8353 | D:10     | Reached skill level 14 in Ranged Weapons
  8389 | D:10     | Found a stormy altar of Qazlal.
  8456 | D:10     | 8456 ||| PLANNING LAIR
  8491 | Lair:1   | Entered Level 1 of the Lair of Beasts
  8600 | Lair:1   | 8600 ||| INVOKING Heroism.
  8971 | Lair:1   | Found a transporter.
  8984 | Lair:1   | Noticed qw's ghost (journeyman DEHu)
  9002 | Lair:1   | Found a transporter.
  9018 | Lair:1   | 9018 ||| INVOKING Heroism.
  9215 | Lair:1   | Reached ***** piety under Okawaru
  9345 | Lair:2   | Noticed a four-headed hydra
  9346 | Lair:2   | 9346 ||| INVOKING Heroism.
  9355 | Lair:2   | Killed a four-headed hydra
  9387 | Lair:2   | Reached skill level 9 in Invocations
  9442 | Lair:2   | 9442 ||| INVOKING Heroism.
  9523 | Lair:2   | Reached XP level 12. HP: 106/106 MP: 19/19
  9528 | Lair:2   | 9528 ||| FLEEEEING.
  9529 | Lair:2   | 9529 ||| FLEEEEING.
  9530 | Lair:2   | 9530 ||| FLEEEEING.
  9532 | Lair:2   | 9532 ||| FLEEEEING.
  9586 | Lair:2   | Noticed a five-headed hydra
  9587 | Lair:2   | 9587 ||| INVOKING Heroism.
  9591 | Lair:2   | Killed a five-headed hydra
  9600 | Lair:2   | Found a dark tunnel.
  9665 | Lair:2   | Identified the +0 ring mail of Indecent Exposure {rPois}
  9703 | Lair:2   | 9703 ||| FLEEEEING.
  9704 | Lair:2   | 9704 ||| FLEEEEING.
  9705 | Lair:2   | 9705 ||| FLEEEEING.
  9706 | Lair:2   | 9706 ||| FLEEEEING.
  9713 | Lair:2   | Reached skill level 15 in Ranged Weapons
  9758 | Lair:2   | 9758 ||| INVOKING Heroism.
  9845 | Lair:2   | Found a runed translucent door.
  9862 | Lair:2   | 9862 ||| INVOKING Heroism.
  9868 | Lair:2   | Reached skill level 9 in Dodging
  9986 | Lair:2   | Found a staircase to the Snake Pit.
  9991 | Lair:2   | 9991 ||| Stepping ~*~*~tactically~*~*~ (outnumbered).
 10089 | Lair:2   | Reached ****** piety under Okawaru
 10390 | Lair:3   | Noticed a six-headed hydra
 10391 | Lair:3   | 10391 ||| INVOKING Heroism.
 10397 | Lair:3   | Killed a six-headed hydra
 10428 | Lair:3   | Reached skill level 16 in Ranged Weapons
 10472 | Lair:3   | Found a staircase to the Shoals.
 10542 | Lair:3   | Found a stormy altar of Qazlal.
 10649 | Lair:3   | 10649 ||| DRINKING potion of mutation.
 10649 | Lair:3   | Lost mutation: Potions are less effective at restoring your
                  | health. [potion of mutation]
 10649 | Lair:3   | Lost mutation: You have an increased reservoir of magic.
                  | (+10% MP) [potion of mutation]
 10649 | Lair:3   | Gained mutation: You have supernaturally acute eyesight.
                  | (SInv) [potion of mutation]
 10649 | Lair:3   | Gained mutation: Your flesh is cold resistant. (rC+)
                  | [potion of mutation]
 10930 | Lair:3   | 10930 ||| READING 5 scrolls of identify.
 10930 | Lair:3   | 10930 ||| IDENTIFYING murky coppery potion
 10952 | Lair:4   | Noticed Nessos
 10953 | Lair:4   | 10953 ||| INVOKING Finesse.
 10957 | Lair:4   | Identified the +2 buckler "Qynef" {+Blink} (Okawaru gifted
                  | it to you on level 4 of the Lair of Beasts)
 10957 | Lair:4   | Received a gift from Okawaru
 10963 | Lair:4   | 10963 ||| INVOKING Heroism.
 10968 | Lair:4   | 10968 ||| STAIRDANCE
 11063 | Lair:4   | 11063 ||| INVOKING Finesse.
 11067 | Lair:4   | 11067 ||| DRINKING 9 potions of curing.
 11067 | Lair:4   | 11067 ||| (to cure confusion)
 11068 | Lair:4   | Killed Nessos
 11101 | Lair:4   | 11101 ||| SWAPPING to +2 longbow of flaming.
 11102 | Lair:4   | 11102 ||| DROPPING +1 arbalest of freezing.
 11183 | Lair:4   | Found a viscous altar of Jiyva.
 11187 | Lair:4   | Found a staircase to the Slime Pits.
 11287 | Lair:4   | Noticed a seven-headed hydra
 11288 | Lair:4   | 11288 ||| INVOKING Heroism.
 11291 | Lair:4   | Reached XP level 13. HP: 116/116 MP: 19/19
 11336 | Lair:4   | Reached skill level 17 in Ranged Weapons
 11406 | Lair:4   | 11406 ||| INVOKING Heroism.
 11434 | Lair:4   | 11434 ||| INVOKING Heroism.
 11634 | Lair:4   | 11634 ||| UPGRADING to amulet of faith.
 11657 | Lair:5   | Entered Level 5 of the Lair of Beasts
 11663 | Lair:5   | Found a frozen archway.
 11677 | Lair:5   | 11677 ||| INVOKING Heroism.
 11745 | Lair:5   | 11745 ||| INVOKING Heroism.
 11781 | Lair:5   | Received a gift from Okawaru
 11834 | Lair:5   | 11834 ||| INVOKING Heroism.
 11859 | Lair:5   | Reached skill level 18 in Ranged Weapons
 11950 | Lair:5   | Reached skill level 12 in Fighting
 11952 | Lair:5   | 11952 ||| INVOKING Heroism.
 11999 | Lair:5   | 11999 ||| INVOKING Heroism.
 12020 | Lair:5   | Identified the +4 triple crossbow "Maahaol" {flame, rF+}
                  | (Okawaru gifted it to you on level 5 of the Lair of Beasts)
 12020 | Lair:5   | Received a gift from Okawaru
 12045 | Lair:5   | 12045 ||| SWAPPING to +4 triple crossbow "Maahaol" {flame,
                  | rF+}.
 12046 | Lair:5   | 12046 ||| DROPPING +2 longbow of flaming.
 12202 | Lair:5   | 12202 ||| INVOKING Heroism.
 12215 | Lair:5   | Reached skill level 19 in Ranged Weapons
 12246 | Lair:5   | 12246 ||| INVOKING Heroism.
 12335 | Lair:5   | 12335 ||| INVOKING Heroism.
 12336 | Lair:5   | 12336 ||| INVOKING Finesse.
 12340 | Lair:5   | 12340 ||| Stepping ~*~*~tactically~*~*~ (outnumbered).
 12348 | Lair:5   | Reached XP level 14. HP: 127/127 MP: 18/20
 12400 | Lair:5   | Received a gift from Okawaru
 12408 | Lair:5   | Found a burning altar of Makhleb.
 12410 | Lair:5   | 12410 ||| Stepping ~*~*~tactically~*~*~ (outnumbered).
 12411 | Lair:5   | 12411 ||| Stepping ~*~*~tactically~*~*~ (outnumbered).
 12421 | Lair:5   | Identified the +0 pair of boots of Buroly {Int+3 Dex+2}
                  | (Okawaru gifted it to you on level 5 of the Lair of Beasts)
 12421 | Lair:5   | Received a gift from Okawaru
 12425 | Lair:5   | 12425 ||| INVOKING Heroism.
 12432 | Lair:5   | 12432 ||| INVOKING Finesse.
 12505 | Lair:5   | Found a gateway to Hell.
 12804 | Lair:5   | 12804 ||| PLANNING D:1-11
 12804 | Lair:5   | 12804 ||| UPGRADING to +0 pair of boots of Buroly {Int+3
                  | Dex+2}.
 13021 | D:11     | 13021 ||| INVOKING Heroism.
 13022 | D:11     | 13022 ||| INVOKING Finesse.
 13218 | D:11     | 13218 ||| INVOKING Heroism.
 13219 | D:11     | 13219 ||| INVOKING Finesse.
 13233 | D:11     | Identified the amulet of Entrepreneurial Spirit {rC+ Regen+
                  | Int+4}
 13292 | D:11     | Identified the ring "Lam Pass" {rElec rC+ Slay+4}
 13333 | D:11     | Identified the ring "Woggeiwn" {Ice Str+3 Int+2}
 13411 | D:11     | Identified the ring "Qalaux" {Wiz rC+ rN+ rCorr}
 13423 | D:11     | 13423 ||| INVOKING Heroism.
 13688 | D:11     | 13688 ||| PLANNING D
 13688 | D:11     | 13688 ||| UPGRADING to ring "Lam Pass" {rElec rC+ Slay+4}.
 13690 | D:11     | 13690 ||| DROPPING ring "Woggeiwn" {Ice Str+3 Int+2}.
 13739 | D:12     | Found Uthriots's Firing Range.
 13759 | D:12     | Noticed Jorgrun
 13760 | D:12     | 13760 ||| INVOKING Heroism.
 13767 | D:12     | Killed Jorgrun
 13796 | D:12     | Noticed Nergalle
 13797 | D:12     | Killed Nergalle
 13965 | D:12     | Identified the ring of Enuaq {Drain rPois Str+5 SInv}
 14064 | D:12     | 14064 ||| INVOKING Heroism.
 14066 | D:12     | Reached skill level 20 in Ranged Weapons
 14392 | D:12     | 14392 ||| READING 7 scrolls of identify.
 14392 | D:12     | 14392 ||| IDENTIFYING red potion
 14393 | D:12     | 14393 ||| DROPPING potion of degeneration.
 14480 | D:13     | Noticed Urug
 14481 | D:13     | 14481 ||| INVOKING Heroism.
 14486 | D:13     | Killed Urug
 14527 | D:13     | Reached skill level 6 in Armour
 14534 | D:13     | 14534 ||| INVOKING Heroism.
 14536 | D:13     | 14536 ||| Stepping ~*~*~tactically~*~*~ (outnumbered).
 14538 | D:13     | HP: 25/129 [vault guard/+0 battleaxe (18)]
 14539 | D:13     | 14539 ||| READING 4 scrolls of teleportation.
 14540 | D:13     | 14540 ||| DRINKING 5 potions of heal wounds.
 14553 | D:13     | Noticed Lodul
 14555 | D:13     | Killed Lodul
 14563 | D:13     | 14563 ||| INVOKING Heroism.
 14578 | D:13     | Reached skill level 12 in Dodging
 14680 | D:13     | 14680 ||| DRINKING potion of cancellation.
 14693 | D:13     | Found a gate to the Vaults.
 14766 | D:13     | 14766 ||| Stepping ~*~*~tactically~*~*~ (outnumbered).
 14768 | D:13     | 14768 ||| Stepping ~*~*~tactically~*~*~ (outnumbered).
 14770 | D:13     | 14770 ||| Stepping ~*~*~tactically~*~*~ (outnumbered).
 14772 | D:13     | 14772 ||| Stepping ~*~*~tactically~*~*~ (outnumbered).
 14778 | D:13     | Identified the +0 robe "Etzaases" {rCorr} (Okawaru gifted
                  | it to you on level 13 of the Dungeon)
 14778 | D:13     | Received a gift from Okawaru
 14852 | D:13     | Noticed Snorg
 14853 | D:13     | 14853 ||| INVOKING Heroism.
 14854 | D:13     | 14854 ||| INVOKING Finesse.
 14856 | D:13     | Killed Snorg
 14943 | D:13     | 14943 ||| INVOKING Heroism.
 14986 | D:13     | Noticed Sonja
 14987 | D:13     | 14987 ||| INVOKING Finesse.
 14991 | D:13     | Killed Sonja
 15058 | D:13     | Found a faded altar of an unknown god.
 15058 | D:13     | Found a hazy altar of Hepliaklqana.
 15058 | D:13     | Found a faded altar of an unknown god.
 15059 | D:13     | 15059 ||| Stepping ~*~*~tactically~*~*~ (outnumbered).
 15061 | D:13     | 15061 ||| Stepping ~*~*~tactically~*~*~ (outnumbered).
 15063 | D:13     | 15063 ||| Stepping ~*~*~tactically~*~*~ (outnumbered).
 15065 | D:13     | 15065 ||| INVOKING Heroism.
 15068 | D:13     | 15068 ||| Stepping ~*~*~tactically~*~*~ (outnumbered).
 15076 | D:13     | Reached XP level 15. HP: 90/138 MP: 14/21
 15388 | D:14     | 15388 ||| Stepping ~*~*~tactically~*~*~ (outnumbered).
 15390 | D:14     | 15390 ||| Stepping ~*~*~tactically~*~*~ (outnumbered).
 15392 | D:14     | 15392 ||| Stepping ~*~*~tactically~*~*~ (outnumbered).
 15394 | D:14     | 15394 ||| Stepping ~*~*~tactically~*~*~ (outnumbered).
 15396 | D:14     | 15396 ||| Stepping ~*~*~tactically~*~*~ (outnumbered).
 15398 | D:14     | 15398 ||| Stepping ~*~*~tactically~*~*~ (outnumbered).
 15400 | D:14     | 15400 ||| Stepping ~*~*~tactically~*~*~ (outnumbered).
 15402 | D:14     | 15402 ||| Stepping ~*~*~tactically~*~*~ (outnumbered).
 15431 | D:14     | Found Luotsiyl's Assorted Antiques.
 15442 | D:14     | 15442 ||| BUYING 2 potions of mutation (384 gold).
 15442 | D:14     | Bought 2 potions of mutation for 384 gold pieces
 15442 | D:14     | 15442 ||| BUYING scroll of identify (48 gold).
 15442 | D:14     | Bought a scroll of identify for 48 gold pieces
 15442 | D:14     | 15442 ||| BUYING scroll of teleportation (72 gold).
 15442 | D:14     | Bought a scroll of teleportation for 72 gold pieces
 15736 | D:14     | You fall into a shaft and drop 1 floor!
 15736 | D:15     | Entered Level 15 of the Dungeon
 15743 | D:15     | 15743 ||| DROPPING amulet of the acrobat.
 15892 | D:14     | Found a large runed translucent door.
 15893 | D:14     | Found a large runed translucent door.
 16236 | D:15     | Found Utefe's Antique Armour Emporium.
 16242 | D:15     | 16242 ||| BUYING pair of embroidered gloves (225 gold).
 16242 | D:15     | Bought a pair of embroidered gloves for 225 gold pieces
 16343 | D:15     | 16343 ||| INVOKING Heroism.
 16361 | D:15     | Identified the +1 scale mail "Tedatz Bano" {Dex+4} (Okawaru
                  | gifted it to you on level 15 of the Dungeon)
 16361 | D:15     | Received a gift from Okawaru
 16399 | D:15     | Found a runed translucent gate.
 16399 | D:15     | Found a runed translucent gate.
 16399 | D:15     | Found a runed translucent gate.
 16399 | D:15     | Noticed Yamstis's ghost (adept GnMo)
 16401 | D:15     | 16401 ||| DROPPING +0 pair of gloves of strength.
 16402 | D:15     | 16402 ||| READING 10 scrolls of identify.
 16402 | D:15     | 16402 ||| IDENTIFYING clear potion
 16403 | D:15     | 16403 ||| DROPPING potion of ambrosia.
 16411 | D:15     | Found a basalt altar of Yredelemnul.
 16465 | D:15     | 16465 ||| INVOKING Heroism.
 16476 | D:15     | Reached skill level 21 in Ranged Weapons
 16504 | D:15     | 16504 ||| READING 6 scrolls of teleportation.
 16568 | D:15     | Reached skill level 15 in Fighting
 16694 | D:15     | 16694 ||| INVOKING Heroism.
 16765 | D:15     | 16765 ||| FLEEEEING.
 16766 | D:15     | 16766 ||| FLEEEEING.
 16767 | D:15     | 16767 ||| FLEEEEING.
 16768 | D:15     | 16768 ||| FLEEEEING.
 16769 | D:15     | 16769 ||| FLEEEEING.
 16770 | D:15     | 16770 ||| FLEEEEING.
 16771 | D:15     | 16771 ||| FLEEEEING.
 16772 | D:15     | 16772 ||| FLEEEEING.
 16773 | D:15     | 16773 ||| FLEEEEING.
 16781 | D:15     | 16781 ||| FLEEEEING.
 16782 | D:15     | 16782 ||| FLEEEEING.
 16784 | D:15     | 16784 ||| FLEEEEING.
 16785 | D:15     | 16785 ||| FLEEEEING.
 16790 | D:15     | 16790 ||| FLEEEEING.
 16791 | D:15     | 16791 ||| FLEEEEING.
 16792 | D:15     | 16792 ||| FLEEEEING.
 16793 | D:15     | 16793 ||| FLEEEEING.
 16794 | D:15     | 16794 ||| FLEEEEING.
 16795 | D:15     | 16795 ||| FLEEEEING.
 16796 | D:15     | 16796 ||| FLEEEEING.
 16797 | D:15     | 16797 ||| FLEEEEING.
 16798 | D:15     | 16798 ||| FLEEEEING.
 16799 | D:15     | 16799 ||| FLEEEEING.
 16800 | D:15     | 16800 ||| FLEEEEING.
 16801 | D:15     | 16801 ||| FLEEEEING.
 16905 | D:15     | Found a staircase to the Depths.
 17125 | D:15     | 17125 ||| PLANNING ORC
 17125 | D:15     | 17125 ||| READING scroll labelled UQY BUNEFY.
 17240 | Orc:1    | Entered Level 1 of the Orcish Mines
 17241 | Orc:1    | 17241 ||| INVOKING Heroism.
 17328 | Orc:1    | Found Liannyff's Jewellery Boutique.
 17343 | Orc:1    | 17343 ||| INVOKING Heroism.
 17366 | Orc:1    | 17366 ||| BUYING amulet of the Skies Above {Reflect Drain
                  | rPois rCorr SH+5} (412 gold).
 17366 | Orc:1    | Bought the amulet of the Skies Above {Reflect Drain rPois
                  | rCorr SH+5} for 412 gold pieces
 17366 | Orc:1    | 17366 ||| SHOPLISTING ring "Heupseoh" {Str+3 Dex+6} (493
                  | gold, have 384).
 17366 | Orc:1    | 17366 ||| SHOPLISTING ring of the Hare {EV+10} (1280 gold,
                  | have 384).
 17485 | Orc:2    | Entered Level 2 of the Orcish Mines
 17486 | Orc:2    | 17486 ||| STAIRDANCE
 17595 | Orc:2    | 17595 ||| STAIRDANCE
 17623 | Orc:2    | 17623 ||| INVOKING Heroism.
 17653 | Orc:2    | 17653 ||| STAIRDANCE
 17721 | Orc:2    | 17721 ||| STAIRDANCE
 17723 | Orc:1    | 17723 ||| INVOKING Heroism.
 17750 | Orc:2    | Found a staircase to the Elven Halls.
 17802 | Orc:2    | Found Joacsan's Book Shop.
 17822 | Orc:2    | Found Zasmak's Armour Shoppe.
 17828 | Orc:1    | 17828 ||| Stepping ~*~*~tactically~*~*~ (outnumbered).
 17834 | Orc:1    | 17834 ||| INVOKING Heroism.
 17919 | Orc:1    | Reached skill level 22 in Ranged Weapons
 17963 | Orc:1    | 17963 ||| INVOKING Heroism.
 18032 | Orc:2    | Found Wuprulan's Antique Armour Boutique.
 18034 | Orc:2    | 18034 ||| INVOKING Heroism.
 18104 | Orc:2    | Found Plog's Antique Weapon Boutique.
 18156 | Orc:2    | Found Fuadumeu's General Store.
 18167 | Orc:2    | 18167 ||| BUYING potion of curing (51 gold).
 18167 | Orc:2    | Bought a potion of curing for 51 gold pieces
 18167 | Orc:2    | 18167 ||| BUYING scroll of brand weapon (161 gold).
 18167 | Orc:2    | Bought a scroll of brand weapon for 161 gold pieces
 18317 | Orc:2    | 18317 ||| INVOKING Heroism.
 18323 | Orc:2    | 18323 ||| Stepping ~*~*~tactically~*~*~ (outnumbered).
 18356 | Orc:2    | Found a runed translucent door.
 18436 | Orc:2    | 18436 ||| INVOKING Heroism.
 18601 | Orc:2    | 18601 ||| PLANNING SNAKE:1-3
 18760 | Snake:1  | Entered Level 1 of the Snake Pit
 18766 | Snake:1  | You fall into a shaft and drop 1 floor!
 18795 | Snake:1  | Reached XP level 16. HP: 139/149 MP: 22/22
 18798 | Snake:1  | 18798 ||| INVOKING Heroism.
 18841 | Snake:1  | Found Moej's General Store.
 18847 | Snake:1  | Found Ziuzivu's Antique Armour Emporium.
 18850 | Snake:1  | 18850 ||| BUYING potion of haste (150 gold).
 18850 | Snake:1  | Bought a potion of haste for 150 gold pieces
 18850 | Snake:1  | 18850 ||| BUYING ring of protection from fire (375 gold).
 18850 | Snake:1  | Bought a ring of protection from fire for 375 gold pieces
 18937 | Snake:1  | Found a runed translucent gate.
 18937 | Snake:1  | Found a runed translucent gate.
 18937 | Snake:1  | Found a runed translucent gate.
 18968 | Snake:1  | 18968 ||| FLEEEEING.
 18969 | Snake:1  | 18969 ||| FLEEEEING.
 18970 | Snake:1  | 18970 ||| FLEEEEING.
 18971 | Snake:1  | 18971 ||| FLEEEEING.
 18972 | Snake:1  | 18972 ||| FLEEEEING.
 18973 | Snake:1  | 18973 ||| FLEEEEING.
 19025 | Snake:1  | 19025 ||| INVOKING Heroism.
 19123 | Snake:1  | 19123 ||| INVOKING Heroism.
 19209 | Snake:1  | 19209 ||| FLEEEEING.
 19397 | Snake:1  | 19397 ||| FLEEEEING.
 19398 | Snake:1  | 19398 ||| FLEEEEING.
 19649 | Snake:1  | Noticed Xitaol's ghost (adept SpEn)
 19650 | Snake:1  | Noticed qw's ghost (adept GrFi)
 19754 | Snake:2  | 19754 ||| Stepping ~*~*~tactically~*~*~ (outnumbered).
 19756 | Snake:2  | 19756 ||| Stepping ~*~*~tactically~*~*~ (outnumbered).
 19758 | Snake:2  | 19758 ||| Stepping ~*~*~tactically~*~*~ (outnumbered).
 19760 | Snake:2  | 19760 ||| Stepping ~*~*~tactically~*~*~ (outnumbered).
 19762 | Snake:2  | 19762 ||| Stepping ~*~*~tactically~*~*~ (outnumbered).
 19764 | Snake:2  | 19764 ||| Stepping ~*~*~tactically~*~*~ (outnumbered).
 19766 | Snake:2  | 19766 ||| Stepping ~*~*~tactically~*~*~ (outnumbered).
 19769 | Snake:2  | 19769 ||| Stepping ~*~*~tactically~*~*~ (outnumbered).
 19821 | Snake:2  | 19821 ||| Stepping ~*~*~tactically~*~*~ (outnumbered).
 19830 | Snake:2  | 19830 ||| INVOKING Heroism.
 19842 | Snake:2  | 19842 ||| Stepping ~*~*~tactically~*~*~ (outnumbered).
 20514 | Snake:2  | 20514 ||| INVOKING Heroism.
 20687 | Snake:2  | 20687 ||| Stepping ~*~*~tactically~*~*~ (outnumbered).
 20689 | Snake:2  | 20689 ||| INVOKING Heroism.
 20693 | Snake:2  | Identified the +1 longbow "Orchuepn" {freeze, Fly rF+ rC+
                  | rCorr} (Okawaru gifted it to you on level 2 of the Snake
                  | Pit)
 20693 | Snake:2  | Received a gift from Okawaru
 20931 | Snake:2  | 20931 ||| READING scroll labelled WOUREA WETHROI.
 20990 | Snake:3  | Reached skill level 15 in Dodging
 21078 | Snake:3  | Found Xekkel's Book Shop.
 21083 | Snake:3  | Found Xuerydol's Distillery.
 21083 | Snake:3  | Found Juoceu's Antique Armour Shop.
 21086 | Snake:3  | Found Boiq's Distillery.
 21099 | Snake:3  | 21099 ||| BUYING 2 potions of curing (60 gold).
 21099 | Snake:3  | Bought 2 potions of curing for 60 gold pieces
 21099 | Snake:3  | 21099 ||| BUYING potion of curing (30 gold).
 21099 | Snake:3  | Bought a potion of curing for 30 gold pieces
 21099 | Snake:3  | 21099 ||| BUYING potion of curing (30 gold).
 21099 | Snake:3  | Bought a potion of curing for 30 gold pieces
 21099 | Snake:3  | 21099 ||| BUYING potion of curing (30 gold).
 21099 | Snake:3  | Bought a potion of curing for 30 gold pieces
 21099 | Snake:3  | 21099 ||| BUYING potion of curing (30 gold).
 21099 | Snake:3  | Bought a potion of curing for 30 gold pieces
 21099 | Snake:3  | 21099 ||| SHOPLISTING potion of heal wounds (50 gold, have
                  | 27).
 21099 | Snake:3  | 21099 ||| SHOPLISTING potion of resistance (100 gold, have
                  | 27).
 21114 | Snake:3  | 21114 ||| INVOKING Heroism.
 21130 | Snake:3  | HP: 37/155 [salamander/+0 halberd (14)]
 21131 | Snake:3  | 21131 ||| READING 5 scrolls of teleportation.
 21132 | Snake:3  | 21132 ||| DRINKING 6 potions of heal wounds.
 21167 | Snake:3  | 21167 ||| INVOKING Heroism.
 21271 | Snake:3  | Identified the -2 pair of boots of the Devil's Advocate
                  | {Str+3} (Okawaru gifted it to you on level 3 of the Snake
                  | Pit)
 21271 | Snake:3  | Received a gift from Okawaru
 21296 | Snake:3  | 21296 ||| SHOPLISTING 2 potions of cancellation (288 gold,
                  | have 74).
 21296 | Snake:3  | 21296 ||| SHOPLISTING 2 potions of curing (108 gold, have
                  | 74).
 21296 | Snake:3  | 21296 ||| SHOPLISTING 2 potions of heal wounds (180 gold,
                  | have 74).
 21296 | Snake:3  | 21296 ||| SHOPLISTING 2 potions of might (144 gold, have
                  | 74).
 21296 | Snake:3  | 21296 ||| SHOPLISTING potion of haste (180 gold, have 74).
 21299 | Snake:3  | 21299 ||| SHOPLISTING glowing cloak (210 gold, have 74).
 21947 | Snake:3  | 21947 ||| PLANNING SHOALS:1-3
 21947 | Snake:3  | 21947 ||| DROPPING -2 pair of boots of the Devil's Advocate
                  | {Str+3}.
 22091 | Shoals:1 | Entered Level 1 of the Shoals
 22155 | Shoals:1 | 22155 ||| INVOKING Heroism.
 22213 | Shoals:1 | 22213 ||| INVOKING Heroism.
 22329 | Shoals:1 | Identified the staff of the Wonderful God {rPois Fire
                  | Poison}
 22425 | Shoals:1 | 22425 ||| INVOKING Heroism.
 22677 | Shoals:2 | 22677 ||| STAIRDANCE
 22724 | Shoals:2 | Noticed Polyphemus
 22725 | Shoals:2 | 22725 ||| INVOKING Heroism.
 22726 | Shoals:2 | 22726 ||| INVOKING Finesse.
 22732 | Shoals:2 | Killed Polyphemus
 22734 | Shoals:2 | 22734 ||| Stepping ~*~*~tactically~*~*~ (outnumbered).
 22799 | Shoals:2 | 22799 ||| Stepping ~*~*~tactically~*~*~ (water).
 22802 | Shoals:2 | 22802 ||| Stepping ~*~*~tactically~*~*~ (water).
 22902 | Shoals:2 | 22902 ||| INVOKING Heroism.
 22912 | Shoals:2 | Noticed Kirke
 22913 | Shoals:2 | 22913 ||| INVOKING Finesse.
 22915 | Shoals:2 | Reached XP level 17. HP: 84/162 MP: 10/23
 22923 | Shoals:2 | HP: 18/163 [water nymph/the raging water (32)]
 22924 | Shoals:2 | 22924 ||| READING 5 scrolls of teleportation.
 22925 | Shoals:2 | 22925 ||| DRINKING 5 potions of heal wounds.
 22926 | Shoals:2 | 22926 ||| DRINKING 4 potions of heal wounds.
 22927 | Shoals:2 | 22927 ||| DRINKING 3 potions of heal wounds.
 22928 | Shoals:2 | 22928 ||| READING 4 scrolls of teleportation.
 22929 | Shoals:2 | 22929 ||| DRINKING 2 potions of heal wounds.
 22932 | Shoals:2 | 22932 ||| Stepping ~*~*~tactically~*~*~ (outnumbered).
 22933 | Shoals:2 | 22933 ||| Stepping ~*~*~tactically~*~*~ (outnumbered).
 22936 | Shoals:2 | 22936 ||| Stepping ~*~*~tactically~*~*~ (outnumbered).
 22940 | Shoals:2 | 22940 ||| INVOKING Heroism.
 22961 | Shoals:2 | Reached skill level 18 in Fighting
 22962 | Shoals:2 | HP: 40/163 [water nymph/the raging water (23)]
 22963 | Shoals:2 | 22963 ||| READING 3 scrolls of teleportation.
 22964 | Shoals:2 | 22964 ||| DRINKING potion of heal wounds.
 22964 | Shoals:2 | Received a gift from Okawaru
 22985 | Shoals:2 | 22985 ||| INVOKING Heroism.
 22991 | Shoals:2 | 22991 ||| Stepping ~*~*~tactically~*~*~ (water).
 23133 | Shoals:2 | Killed Kirke
 23157 | Shoals:2 | 23157 ||| Stepping ~*~*~tactically~*~*~ (water).
 23433 | Shoals:3 | 23433 ||| Stepping ~*~*~tactically~*~*~ (outnumbered).
 23434 | Shoals:3 | 23434 ||| INVOKING Heroism.
 23435 | Shoals:3 | 23435 ||| Stepping ~*~*~tactically~*~*~ (outnumbered).
 23436 | Shoals:3 | Noticed Ilsuiw
 23452 | Shoals:3 | HP: 35/163 [water nymph/the raging water (14)]
 23452 | Shoals:3 | HP: 8/163 [snapping turtle (16)]
 23453 | Shoals:3 | 23453 ||| READING 3 scrolls of teleportation.
 23454 | Shoals:3 | HP: 1/163 [water nymph/the raging water (7)]
 23455 | Shoals:3 | Killed from afar by a water nymph

Levels and vault maps discovered:
D:1:      dpeg_arrival_houses_and_road, layout_basic,
          shapermc_ecumenical_altar_totnotflames, minivault_24,
          nicolae_grassy_gnolls
D:2:      minmay_skewed_foursquare, layout_basic
D:3:      cheibrodos_fertilizer, layout_rooms,
          mainiacjoe_overflow_small_starburst,
          gammafunk_temple_overflow_forgotten
D:4:      layout_loops_ring, serial_shops, nicolae_shop_rolling_square,
          kennysheep_mini_moat, shop, nicolae_shop_crystal, shop,
          lightli_ossuary_entry_decrepit_ruins
D:5:      layout_loops_cross, minmay_hollow_rounded_squares
D:6:      layout_basic, makhleb_heckhound_becter, minmay_temple_entry_arrows,
          serial_co_window_serial, co_window_corner_a, co_window_corner_a,
          co_window_paths_b, co_window_of_opportunity_a, co_window_paths_b,
          co_window_corner_b, co_window_corner_b, co_window_cross_4,
          co_window_paths_c, co_window_cross_4, co_window_unsneaky_path_e,
          glass_columns_a, glass_columns_a, glass_columns_a, glass_columns_a,
          glass_columns_c, sword_in_stone, uniq_pikel
D:7:      layout_cave_pools, uniq_duvessa, uniq_maggie, uniq_joseph
D:8:      layout_basic, minitemple, uniq_psyche, uniq_gastronok
D:9:      layout_gridville, serial_shops, shop, enter_bailey_2,
          hangedman_glass_teeth, uniq_harold
D:10:     layout_loops_cross, old_standard_altar,
          nicolae_tso_swordbearing_angel, lair_entry_dummy,
          minmay_orc_entry_temple_small
D:11:     minmay_the_grid_triangle_9x9_rhombus_thin_mashed
          [minmay_the_grid_triangle_9x9_impossible_snake,
          minmay_the_grid_triangle_9x9_prize_special,
          minmay_the_grid_triangle_9x9_stretched_checkered,
          minmay_the_grid_triangle_9x9_longest], layout_gridville
D:12:     layout_cave_pods, nicolae_shop_firing_range, uniq_nergalle,
          uniq_jorgrun
D:13:     layout_loops_ring, erik_vaults_2,
          nicolae_hepliaklqana_ecumenical_no_more, uniq_sonja, uniq_lodul,
          uniq_urug, uniq_snorg
D:14:     okawaru_arena_lexackson, layout_loops_ring, serial_shops,
          nicolae_shop_advertising_works [nicolae_subvault_shop_adworks],
          minivault_19
D:15:     gammafunk_enter_depths_forms, layout_irregular_city, serial_shops,
          nicolae_shop_rolling_square, nicolae_yredelemnul_ghost_church
Lair:1:   layout_cave_pods, gammafunk_ghost_berserking_beasts, ldierk_geyser
Lair:2:   gammafunk_indiana_jones, layout_regular_city,
          nicolae_snake_entry_warm_welcome, nicolae_volcano_entry_batcave,
          serial_bayou_shore_a
Lair:3:   layout_regular_city, nicolae_shoals_entry_roost, basic_altar
Lair:4:   layout_roguey, dpeg_slime_entry_corner, grunt_megastairs_5,
          uniq_nessos
Lair:5:   evil_forest, layout_gridlike, portal_ice_cave_entry_pillars_2, pond,
          infiniplex_staircase_pool_2
Shoals:1: layout_shoals
Shoals:2: layout_shoals, hangedman_shoals_cup_caves, uniq_kirke, uniq_polyphemus
Shoals:3: layout_shoals, uniq_ilsuiw
Snake:1:  layout_cave_shapes, gammafunk_ghost_cemetery, minmay_shop_star
Snake:2:  layout_chambers, nicolae_snake_serpentine_hallways
Snake:3:  layout_layer_cave, minmay_shoptagon
Orc:1:    layout_diamond_mine, basic_altar, serial_shops, nicolae_shop_peninsula
Orc:2:    grunt_orc_gardens, layout_caves, grunt_orc_garden, grunt_orc_garden,
          grunt_orc_garden, grunt_orc_garden, serial_shops,
          nicolae_shop_peninsula, lightli_church_of_beogh

Skill      XL: |  1  2  3  4  5  6  7  8  9 10 11 12 13 14 15 16 17 |
---------------+----------------------------------------------------+-----
Ranged Weapons | 3 4 5 6 8 9 11 13 14 16 19 20 22 | 22.0
Fighting       | 2 3 4 5 7 9 10 11 12 14 15 17 18 | 18.0
Armour         | 1 2 3 4 6 7 8 |  8.0
Invocations    | 2 4 6 9 10 | 10.0
Dodging        | 4 6 7 8 9 10 12 13 16 | 16.7
Spellcasting   | |  1.0
Hexes          | |  2.0

Action                     |  1- 3 |  4- 6 |  7- 9 | 10-12 | 13-15 | 16-18 || total
---------------------------+-------+-------+-------+-------+-------+-------++-------
   Fire: Sling             |   125 |   243 |   293 |    68 |       |       ||   729
         Arbalest          |       |       |       |   463 |       |       ||   463
         Longbow           |       |       |       |    22 |   201 |       ||   223
         Triple crossbow   |       |       |       |       |   638 |   383 ||  1021
 Invoke: Heroism           |       |       |    15 |    19 |    34 |    16 ||    84
         Finesse           |       |       |       |     2 |     6 |     2 ||    10
    Use: Potion            |     1 |     3 |     1 |     4 |     2 |     6 ||    17
         Scroll            |       |    12 |     6 |     4 |     5 |     6 ||    33
 Armour: Robe              |     4 |       |       |       |       |       ||     4
         Ring mail         |    14 |    20 |       |       |       |       ||    34
         Troll leather arm |       |    34 |    68 |    66 |    89 |    50 ||   307
  Dodge: Dodged            |    39 |    89 |   162 |   331 |   562 |   389 ||  1572
         Repelled          |       |       |       |     1 |     5 |    11 ||    17

Table legend:
 A = Non-vault XP
 B = Vault XP
 C = Vault XP percentage of total XP
 D = Non-vault monster count
 E = Vault monster count
 F = Vault count percentage of total count
                 A         B        C        D         E       F
            +---------+---------+-------+---------+---------+-------
      Total |  165413 |   67930 |  29.1 |     649 |     232 |  26.3
            +---------+---------+-------+---------+---------+-------
        D:1 |      33 |      14 |  29.8 |      19 |       1 |   5.0
        D:2 |     102 |      18 |  15.0 |      22 |       4 |  15.4
        D:3 |      56 |     151 |  72.9 |      18 |      17 |  48.6
        D:4 |      93 |       0 |   0.0 |      13 |       0 |   0.0
        D:5 |     471 |     375 |  44.3 |      15 |      11 |  42.3
        D:6 |     791 |    1842 |  70.0 |      24 |       9 |  27.3
        D:7 |     587 |     615 |  51.2 |      10 |       3 |  23.1
        D:8 |    1029 |    1684 |  62.1 |      17 |       2 |  10.5
        D:9 |    1232 |     892 |  42.0 |      22 |       1 |   4.3
       D:10 |    3779 |     394 |   9.4 |      20 |       9 |  31.0
       D:11 |    5507 |    5902 |  51.7 |      23 |      12 |  34.3
       D:12 |    2649 |    2649 |  50.0 |      10 |       2 |  16.7
       D:13 |    8315 |   11340 |  57.7 |      18 |      21 |  53.8
       D:14 |    6332 |       0 |   0.0 |      12 |       0 |   0.0
       D:15 |   14963 |    7068 |  32.1 |      39 |      11 |  22.0
     Lair:1 |    3151 |       0 |   0.0 |      19 |       0 |   0.0
     Lair:2 |   11934 |    1285 |   9.7 |      49 |       7 |  12.5
     Lair:3 |    1791 |    1232 |  40.8 |       7 |       2 |  22.2
     Lair:4 |    7512 |    1587 |  17.4 |      30 |       3 |   9.1
     Lair:5 |   14500 |   11680 |  44.6 |      38 |      32 |  45.7
   Shoals:1 |    5566 |       0 |   0.0 |      12 |       0 |   0.0
   Shoals:2 |   18101 |    9833 |  35.2 |      34 |      18 |  34.6
   Shoals:3 |    2650 |     920 |  25.8 |       5 |       1 |  16.7
    Snake:1 |   17340 |       0 |   0.0 |      39 |       0 |   0.0
    Snake:2 |   10718 |       0 |   0.0 |      24 |       0 |   0.0
    Snake:3 |   16432 |       0 |   0.0 |      31 |       0 |   0.0
      Orc:1 |    5663 |    2245 |  28.4 |      43 |       5 |  10.4
      Orc:2 |    4116 |    5947 |  59.1 |      36 |      22 |  37.9
    Ossuary |       0 |     257 | 100.0 |       0 |      39 | 100.0
            +---------+---------+-------+---------+---------+-------
